 Dungeon Crawl Stone Soup version 0.28-a0-224-g76b539d98b (webtiles) character file.

Game seed: 10038553317647726555

74 timneilson the Shield-Bearer (level 4, -4/29 HPs)
             Began as a Gargoyle Fighter on Aug 21, 2021.
             Slain by Terence (8 damage)
             ... on level 2 of the Dungeon.
             The game lasted 00:01:48 (1166 turns).

timneilson the Shield-Bearer (Gargoyle Fighter)     Turns: 1166, Time: 00:01:48

Health: -4/29      AC: 11    Str: 20    XL:     4   Next: 30%
Magic:  4/4        EV:  7    Int:  9    God:
Gold:   13         SH:  9    Dex:  9    Spells: 3/3 levels left

rFire   . . .      SeeInvis .   a - +0 long sword
rCold   . . .      Faith    .   c - +1 kite shield
rNeg    + . .      Spirit   .   b - +0 scale mail
rPois   ∞          Reflect  .   f - +0 helmet
rElec   +          Harm     .   (no cloak)
rCorr   .          Rampage  .   (no gloves)
Will    .....                   (no boots)
Stlth   ..........              (no amulet)
HPRegen 0.09/turn               (no ring)
MPRegen 0.09/turn               (no ring)

@: mighty
A: sickness immunity, AC +3, negative energy resistance 1, electricity
resistance, torment resistance 1, petrification resistance
a: no special abilities


You were on level 2 of the Dungeon.
You visited 1 branch of the dungeon, and saw 2 of its levels.

You collected 13 gold pieces.

Inventory:

Hand Weapons
 a - a +0 long sword (weapon)
Armour
 b - a +0 scale mail (worn)
 c - a +1 kite shield (worn)
 f - a +0 helmet (worn)
Scrolls
 h - a scroll of enchant armour
Potions
 d - a potion of might
 e - a potion of attraction


   Skills:
 + Level 3.6 Fighting
 * Level 2.6 Long Blades
 * Level 4.0 Armour
 * Level 4.0 Shields


You had 3 spell levels left.
You didn't know any spells.
Your spell library contained the following spells:

 Spells                   Type           Power      Damage    Failure   Level
 Corona                   Hex            0%         N/A       99%         1
 Ensorcelled Hibernation  Hex/Ice        0%         N/A       100%        2
 Tukima's Dance           Hex            0%         N/A       100%        3


Dungeon Overview and Level Annotations

Branches:
Dungeon (2/15)

Altars:

Annotations:
D:2 Terence


Innate Abilities, Weirdness & Mutations

You are immune to sickness and miasma.
Your stone body is resilient. (AC +3)
You are immune to poison.
You resist negative energy. (rN+)
You are resistant to electric shocks. (rElec)
You are resistant to unholy torment.
You are immune to petrification.


Message History

You block the gnoll's attack.
You hit the gnoll.
The gnoll is moderately wounded.
You block the gnoll's attack.
You slash the gnoll!
You kill the gnoll!
The gnoll barely misses you.
You riposte.
Your shield and scale mail prevent you from hitting the gnoll.
You have reached level 4!
You feel clever.
You barely miss the gnoll. You block the gnoll's attack.
You slash the gnoll!
You kill the gnoll!
Your Armour skill increases to level 4!
Your Shields skill increases to level 4!
Items here: )))) ††††.
Okay, then.
Found 3 scrolls labelled INNYAB RUMOWN.
Found a stone staircase leading down.
Found 11 gold pieces.
Found a scroll labelled VACROZ ICEATE.
A hobgoblin comes into view.
The hobgoblin shouts!
You hear a shout!
Terence the Incautious comes into view.
He is wielding a +0 mace and wearing a +1 chain mail of cold resistance.
You see here 3 scrolls labelled INNYAB RUMOWN.
You feel a little less mighty now. The hobgoblin hits you.
You see here 3 scrolls labelled INNYAB RUMOWN.
Terence hits you with a +0 mace.
You closely miss the hobgoblin. The hobgoblin closely misses you.
You slash the hobgoblin!
You kill the hobgoblin!
Terence hits you with a +0 mace.
You closely miss Terence. Terence hits you with a +0 mace.
* * * LOW HITPOINT WARNING * * *
You feel very mighty all of a sudden. Terence hits you but does no damage.
You slash Terence!
Terence is heavily wounded.
You block Terence's attack. Terence hits you with a +0 mace!
You die...

###.. ### #.# .....
..# #.#
......###.#####.###
......+.#.#...#...#
#.....#.#.#.#.###.###
#...............#...#
.......?>####.#.###.#
#...#...#...#@#.....#
....$#.?###.#@####..#
......#.# #.#.....#
###....## #.#.###.#
...### #.#.....# ....
..####### #.. ### .#


You could see Terence.

Vanquished Creatures
  4 gnolls (D:2)
  A dart slug (D:1)
  4 bats (D:1)
  2 endoplasms (D:1)
  6 goblins (D:1)
  4 hobgoblins
  6 kobolds (D:1)
  A quokka (D:2)
  A ball python (D:1)
  2 frilled lizards (D:1)
  4 rats (D:1)
35 creatures vanquished.

Notes
Turn   | Place    | Note
-------+----------+-------------------------------------------
     0 | D:1      | timneilson the Gargoyle Fighter began the quest for the
                  | Orb.
     0 | D:1      | Reached XP level 1. HP: 14/14 MP: 1/1
     5 | D:1      | Found a faded altar of an unknown god.
   322 | D:1      | Reached XP level 2. HP: 19/19 MP: 2/2
   734 | D:1      | Reached XP level 3. HP: 23/23 MP: 3/3
  1123 | D:2      | Reached XP level 4. HP: 15/28 MP: 4/4
  1151 | D:2      | Noticed Terence
  1166 | D:2      | Slain by Terence

Illustrated notes

Levels and vault maps discovered:
D:1:      lightli_arrival_boilingwater, layout_basic,
          hellmonk_ecumenical_altar_pennies_from_heaven
D:2:      layout_basic, hangedman_decor_diamond_cutter, uniq_terence

Skill      XL: |  1  2  3  4 |
---------------+-------------+-----
Long Blades    | 2 |  2.6
Armour         | 4 |  4.0
Shields        | 4 |  4.0
Fighting       | |  3.6

Action                   |  1- 3 |  4- 6 || total
-------------------------+-------+-------++-------
Melee: Long sword        |   107 |     6 ||   113
  Use: Scroll            |     2 |       ||     2
       Potion            |     1 |     1 ||     2
Armor: Scale mail        |    60 |     1 ||    61
Dodge: Dodged            |    47 |     1 ||    48
Block: Kite shield       |    62 |     2 ||    64
       Rpst.: Long sword |    11 |       ||    11

Table legend: (Time is in decaauts)
 A = Elapsed time spent in this place.
 B = Non-inter-level travel time spent in this place.
 C = Inter-level travel time spent in this place.
 D = Time resting spent in this place.
 E = Time spent auto-exploring this place.
 F = Levels seen in this place.
 G = Mean time per level.
                   A        B        C        D        E       F      G
               +--------+--------+--------+--------+--------+-----+--------+
         Total |   1227 |   1206 |     21 |      0 |    894 |   2 |  613.5 |
       Dungeon |   1227 |   1206 |     21 |      0 |    894 |   2 |  613.5 |
               +--------+--------+--------+--------+--------+-----+--------+

Top non-repeatable levels by time:
     D:1: 1128 daAuts
     D:2: 99 daAuts
